Map: Cyber Forest LE

Players

Harstem - Winner!

  • Race: Protoss Protoss
  • Spawn Location: 11:00

MrKillous (SKillous)

  • Race: Protoss Protoss
  • Spawn Location: 5:00

Event: IEM Season 13: Katowice (2019)

VOD

Have the link to the VOD?

Description

Time

  • Played on: Feb. 25, 2019, 11:49 a.m.
  • Length: 12:45

All games in this series

Show
View Real Time Build Order
Export as new Build Order

Harstem Protoss - Winner!

Build Orders: Zealot Archon 

Get SALT Encoding   

  12  0:00  Probe  
  13  0:12  Probe  
  14  0:17  Pylon  
  14  0:24  Probe  
  15  0:32  Probe  
  15  0:37  Gateway  
  15  0:40  Probe  
  16  0:49  Assimilator  
  17  0:51  Probe  
  17  0:56  Assimilator  
  18  1:03  Probe  
  19  1:09  Gateway  
  19  1:15  Probe  
  20  1:24  Cybernetics Core  
  20  1:27  Probe  
  20  1:30  Pylon  
  21  1:39  Probe  
  22  1:51  Probe  
  23  2:01  Sentry, Stalker  
  27  2:07  Warp Gate  
  27  2:08  Probe  
  28  2:14  Pylon  
  28  2:27  Sentry  
  30  2:40  Nexus  
  30  2:41  Probe  
  30  2:42  Sentry  
  33  2:49  Probe  
  33  2:57  Probe  
  34  3:01  Shield Battery  
  34  3:03  Pylon  
  35  3:09  Probe  
  35  3:12  Stalker  
  38  3:18  Shield Battery  
  38  3:25  Shield Battery  
  38  3:26  Probe  
  39  3:38  Probe  
  40  3:41  Shield Battery  
  40  3:50  Probe  
  40  3:52  Shield Battery  
  39  4:00  Stalker  
  39  4:01  Probe x2, Stalker  
  45  4:09  Probe x2  
  43  4:15  Forge  
  45  4:17  Probe  
  45  4:18  Probe, Robotics Facility  
  47  4:24  Sentry  
  47  4:27  Probe  
  50  4:32  Probe  
  50  4:34  Stalker  
  50  4:35  Probe  
  53  4:40  Probe  
  53  4:43  Probe  
  53  4:44  Assimilator  
  55  4:49  Probe, Assimilator  
  55  4:51  Protoss Ground Weapons Level 1  
  57  4:57  Adept x2  
  57  4:59  Probe  
  53  5:00  Probe  
  53  5:07  Probe  
  55  5:14  Twilight Council, Probe  
  57  5:16  Probe  
  58  5:25  Immortal  
  59  5:28  Pylon  
  62  5:41  Pylon  
  62  5:50  Charge  
  62  5:54  Templar Archives  
  59  6:02  Gateway  
  59  6:03  Photon Cannon  
  58  6:06  Gateway, Pylon  
  58  6:09  Probe  
  58  6:10  Probe  
  58  6:21  Probe  
  58  6:22  Immortal, Probe  
  60  6:32  High Templar  
  66  6:33  High Templar  
  66  6:34  Probe  
  66  6:35  Probe  
  66  6:36  Protoss Ground Weapons Level 2  
  66  6:38  Archon  
  70  6:43  Gateway  
  70  6:45  Pylon  
  70  6:46  Probe  
  71  6:53  Pylon  
  71  7:08  Probe  
  72  7:13  Warp Prism  
  72  7:15  Zealot x4  
  78  7:31  Probe  
  78  7:33  Pylon  
  79  7:38  High Templar x3  
  79  7:42  Archon  
  85  7:45  Pylon  
  85  7:50  Gateway  
  85  7:51  Gateway  
  85  7:55  Gateway  
  85  7:56  Gateway  
  85  8:00  High Templar, Stargate  
  85  8:05  Pylon  
  87  8:08  Probe  
  87  8:10  Archon  
  87  8:11  Pylon  
  88  8:14  Immortal  
  90  8:26  Probe  
  92  8:30  Zealot x3  
  92  8:34  Pylon  
  95  8:45  Zealot x2  
  95  8:47  Nexus  
  93  8:49  Dark Shrine  
  93  8:50  Phoenix  
  93  8:54  Probe  
  92  8:57  Pylon  
  92  9:01  Observer  
  92  9:06  Photon Cannon  
  93  9:10  Phoenix  
  93  9:11  Probe  
  96  9:25  Zealot x2  
  96  9:26  Phoenix, High Templar x2  
  96  9:28  High Templar x2  
  108  9:34  Archon  
  108  9:35  Probe  
  111  9:38  Probe  
  111  9:39  Archon  
  112  9:50  Phoenix  
  110  10:09  Probe x2  
  110  10:14  Pylon  
  111  10:15  Phoenix  
  111  10:16  Dark Templar x2  
  111  10:20  Immortal  
  111  10:21  Probe  
  114  10:34  Zealot x5  
  128  10:37  Pylon  
  128  10:40  Photon Cannon, Phoenix  
  130  10:50  Dark Templar  
  130  10:51  Zealot  
  130  10:54  Zealot  
  130  10:55  Zealot  
  138  10:57  Observer  
  123  11:15  Zealot  
  123  11:16  Dark Templar x2, Zealot x3  
  135  11:22  Probe  
  136  11:31  Photon Cannon  
  136  11:32  Shield Battery  
  136  11:37  Assimilator  
  136  11:39  Assimilator  
  132  11:41  Pylon  
  132  11:42  Phoenix  
  128  12:02  Zealot x4  
  128  12:03  Zealot x3  
  128  12:07  Phoenix  
  142  12:08  Stargate  
  136  12:23  Probe  
  137  12:39  Nexus  
  137  12:40  Pylon  
Show
View Real Time Build Order
Export as new Build Order

MrKillous Protoss 

Build Orders: Oracle Opening 

Get SALT Encoding   

  12  0:01  Probe  
  13  0:13  Probe  
  14  0:17  Pylon  
  14  0:25  Probe  
  15  0:33  Probe  
  15  0:38  Gateway  
  15  0:41  Probe  
  16  0:46  Assimilator  
  17  0:51  Probe  
  17  0:54  Assimilator  
  18  0:59  Probe  
  19  1:07  Gateway, Probe  
  20  1:18  Probe  
  21  1:26  Cybernetics Core  
  21  1:30  Probe  
  22  1:34  Pylon  
  22  1:42  Probe  
  23  1:53  Warp Gate  
  23  1:54  Probe  
  24  2:02  Adept x2  
  24  2:08  Pylon  
  28  2:17  Stargate  
  28  2:32  Adept x2  
  31  2:54  Oracle  
  34  3:06  Nexus  
  34  3:10  Pylon  
  34  3:13  Probe  
  33  3:28  Oracle  
  33  3:30  Probe  
  35  3:42  Twilight Council, Probe  
  36  3:54  Probe  
  35  4:04  Blink  
  35  4:06  Probe  
  34  4:17  Stalker x2  
  34  4:18  Probe  
  34  4:19  Probe  
  40  4:30  Probe  
  41  4:31  Probe  
  42  4:42  Probe  
  42  4:43  Probe  
  42  4:44  Stalker  
  42  4:45  Stalker  
  48  4:54  Probe  
  48  4:55  Probe  
  50  5:04  Gateway  
  50  5:05  Robotics Facility  
  50  5:06  Probe  
  51  5:08  Probe  
  51  5:10  Stalker  
  51  5:13  Shield Battery  
  54  5:18  Probe  
  54  5:20  Stalker  
  57  5:22  Probe  
  57  5:26  Shield Battery  
  58  5:38  Gateway, Probe  
  58  5:40  Gateway  
  58  5:42  Probe  
  60  5:43  Shield Battery  
  59  5:50  Probe, Assimilator  
  59  5:53  Assimilator  
  59  5:56  Observer  
  60  5:57  Stalker  
  60  6:01  Pylon  
  60  6:03  Pylon  
  62  6:06  Gateway  
  62  6:16  Pylon  
  62  6:19  Probe x2  
  62  6:24  Robotics Bay  
  64  6:25  Stalker x2  
  64  6:27  Pylon  
  64  6:32  Stalker  
  70  6:33  Probe  
  70  6:35  Probe  
  72  6:50  Stalker x3  
  72  6:51  Probe  
  79  7:06  Disruptor  
  79  7:08  Stalker x3  
  87  7:22  Stalker x2  
  83  7:26  Probe  
  82  7:36  Stalker  
  82  7:37  Stalker x3  
  88  7:45  Disruptor  
  88  7:57  Nexus  
  91  8:01  Probe x2  
  93  8:13  Probe  
  93  8:17  Probe  
  93  8:25  Probe  
  94  8:28  Disruptor, Pylon  
  94  8:29  Pylon  
  94  8:31  Pylon  
  93  8:42  Probe  
  93  8:43  Probe  
  93  8:45  Stalker  
  94  8:54  Stalker  
  94  8:55  Stalker  
  93  9:00  Disruptor  
  93  9:01  Stalker  
  95  9:06  Stalker  
  95  9:08  Probe  
  101  9:11  Probe  
  101  9:13  Probe  
  101  9:15  Phoenix  
  103  9:20  Probe  
  103  9:23  Probe  
  108  9:31  Pylon  
  108  9:35  Stalker  
  108  9:36  Disruptor  
  108  9:37  Probe  
  113  9:56  Probe x2  
  115  10:00  Disruptor  
  106  10:09  Probe  
  106  10:16  Probe  
  106  10:18  Probe  
  106  10:21  Probe  
  108  10:29  Probe  
  108  10:34  Stalker x3  
  108  10:35  Assimilator  
  115  10:36  Probe  
  115  10:38  Assimilator  
  115  10:39  Probe  
  115  10:41  Disruptor  
  115  10:42  Probe  
  118  10:44  Probe  
  122  10:51  Probe  
  123  10:58  Probe  
  123  10:59  Probe  
  123  11:03  Stalker x2  
  123  11:04  Stalker x2  
  126  11:11  Observer  
  117  11:13  Probe x2  
  113  11:24  Stalker x2  
  100  11:30  Observer  
  100  11:32  Stalker x2  
  93  11:33  Probe  
  93  11:36  Probe  
  93  11:37  Probe  
  93  11:43  Stalker  
  93  11:44  Stalker  
  86  11:51  Disruptor  
  86  11:57  Stalker x4  
  76  12:20  Stalker x3  
  76  12:21  Stalker x2  
  77  12:30  Stalker  

Tags
 
Add a new tag
Caveats
  • Supply blocks, unpowered buildings, or Contaminate may cause inaccurate times.
  • Supply counts are checked every 10 seconds.